 Dungeon Sprint DCSS version 0.29.1-2-gbd0b4ee654 (webtiles) character file.

Game seed: 631868444983216678

48 boopmooplesden the Protected (level 6, -3/62 HPs)
             Began as a Minotaur Fighter on Nov 28, 2022.
             Killed by divine providence
             ... invoked by an orc priest
              (12 damage)
             ... in the Dungeon (Sprint VI: "Thunderdome").
             The game lasted 00:01:35 (418 turns).

boopmooplesden the Protected (Minotaur Fighter)      Turns: 418, Time: 00:01:36

Health: -3/62      AC:  8    Str: 23    XL:     6   Next: 46%
Magic:  5/5        EV: 10    Int:  5    God:
Gold:   145        SH:  5    Dex:  9    Spells: 5/5 levels left

rFire   . . .      SeeInvis +   a - +0 war axe
rCold   . . .      Faith    .   c - +0 buckler
rNeg    . . .      Spirit   .   b - +0 scale mail
rPois   .          Reflect  .   (helmet restricted)
rElec   .          Harm     .   (no cloak)
rCorr   .          Rampage  .   (no gloves)
Will    +....      NoTele   +   (no boots)
Stlth   ..........              p - amulet "Weler" {RegenMP Fragile Will+ Regen+ SInv}
HPRegen 1.00/turn               (no ring)
MPRegen 0.49/turn               (no ring)

@: no status effects
A: horns 2, retaliatory headbutt
a: no special abilities


You were in the Dungeon.
You visited 1 branch You collected 280 gold pieces.
You spent 135 gold pieces at shops.

Inventory:

Hand Weapons
 a - a +0 war axe (weapon)
Armour
 b - a +0 scale mail (worn)
 c - a +0 buckler (worn)
Jewellery
 o - the ring of Obeo {rPois rF- rCorr Dex+6 Slay-2}
   (You bought it in a shop in the Dungeon)

   [ring of dexterity]

   Dex:       It affects your dexterity (+6).
   Slay:      It affects your accuracy & damage with ranged weapons and melee
   (-2).
   rF:        It makes you vulnerable to fire.
   rPois:     It protects you from poison.
   rCorr:     It protects you from acid and corrosion.
 p - an amulet "Weler" (around neck) {RegenMP Fragile Will+ Regen+ SInv}
   (You bought it in a shop in the Dungeon)

   [amulet of magic regeneration]

   It increases your rate of magic regeneration.
   SInv:      It lets you see invisible.
   Regen:     It increases your rate of health regeneration.
   Fragile:   It will be destroyed if unequipped.
   Will:      It increases your willpower.
 q - the ring "Popom" {Int+6 SInv}
   (You bought it in a shop in the Dungeon)

   [ring of intelligence]

   Int:       It affects your intelligence (+6).
   SInv:      It lets you see invisible.
Wands
 l - a wand of quicksilver (5)
 m - a wand of roots (5)
Scrolls
 j - 4 scrolls of blinking
 n - 3 scrolls of fog
Potions
 d - a potion of might
 e - a potion of curing
 f - 3 potions of heal wounds
 g - 4 potions of haste
 h - 2 potions of magic
 i - a potion of berserk rage
 k - 2 potions of resistance


   Skills:
 + Level 8.7 Fighting
 + Level 7.6 Axes
 + Level 9.5 Armour
 + Level 3.8 Dodging
 + Level 9.0 Shields


You had 5 spell levels left.
You didn't know any spells.
Your spell library was empty.

Dungeon Overview and Level Annotations

Branches:
Dungeon (1/1)

Altars:
Cheibriados
Dithmenos
Fedhas
Gozag
Kikubaaqudgha
Makhleb
Okawaru
Qazlal
Ru
Sif Muna
Trog
Uskayaw
Vehumet
Wu Jian
Xom
Yredelemnul
Zin
The Shining One
Lugonu

Shops:
D *[??*?*:[((!!!!


Innate Abilities, Weirdness & Mutations

You have a pair of horns on your head.
You reflexively headbutt those who attack you in melee.


Message History

Sorry, you're not good enough to have a special ability.
Sorry, you're not good enough to have a special ability.
The troll attacks as you move away! You block the troll's attack. x2
The troll barely misses you.
You barely miss the orc priest. Your headbutt misses the orc priest.
You hit the troll. The orc priest closely misses you.
You block the troll's attack. x2; The troll barely misses you.
You slash the orc priest!
The orc priest is almost dead.
You hit the troll but do no damage. You block the orc priest's attack.
An orc priest comes into view. It is wielding a +0 dagger of venom.
The troll bites you. The troll claws you. The troll closely misses you.
You closely miss the troll.
The troll is lightly wounded.
The orc priest shouts!
You hit the orc priest.
You kill the orc priest!
The troll bites you! The troll closely misses you. The troll claws you.
Your Shields skill increases to level 9!
You barely miss the troll.
The troll is lightly wounded.
The troll bites you! The troll claws you. x2
You hit the troll but do no damage. You headbutt the troll!
The troll is lightly wounded.
The troll bites you! The troll claws you. x2
* * * LOW HITPOINT WARNING * * *
You closely miss the troll. Your headbutt misses the troll.
The troll is lightly wounded.
The troll bites you.
* * * LOW HITPOINT WARNING * * *
The troll claws you but does no damage. The troll barely misses you.
You hit the troll. You headbutt the troll.
The troll is moderately wounded.
The troll barely misses you. The troll claws you.
* * * LOW HITPOINT WARNING * * *
The troll claws you.
* * * LOW HITPOINT WARNING * * *
The orc priest calls down the wrath of Beogh upon you.
Beogh smites you!
You die...

#_......._# #_......._#
###.........###
#⌠...........⌠#
######.8.........8.####
##..__......###......___
###∩.....o..8.# #.8.......
##...÷.....†...###...÷.....
#⌠........@.###...###......
#⌠........)T# #.<.# #......
#⌠.........÷###...###......
##.............###.........
###∩........8.# #.8.......
##∩_._......###...÷.._._
######.8.........8.####
#⌠...........⌠#
###......†..###


You could see a troll and an orc priest.

Vanquished Creatures
  3 water moccasins (D)
  An orc priest (D)
  2 adders (D)
  5 ball pythons (D)
11 creatures vanquished.

Notes
Turn   | Place    | Note
-------+----------+-------------------------------------------
     0 | D        | boopmooplesden the Minotaur Fighter began the quest for the
                  | Orb.
     0 | D        | Reached XP level 1. HP: 19/19 MP: 0/0
     3 | D        | Found a burning altar of Makhleb.
     3 | D        | Found a glowing golden altar of the Shining One.
     4 | D        | Found a shimmering altar of Xom.
     4 | D        | Found an ornate altar of the Wu Jian Council.
     5 | D        | Found a stormy altar of Qazlal.
     5 | D        | Round 1.
     6 | D        | Found a shadowy altar of Dithmenos.
     6 | D        | Found Uxtoigu's Identification Station.
     7 | D        | Found Paikuc's Jewellery.
     7 | D        | Found Maitzox's Advanced Armour.
    15 | D        | Bought a smoking jade ring for 45 gold pieces
    15 | D        | Identified the ring of Obeo {rPois rF- rCorr Dex+6 Slay-2}
                  | (You bought it in a shop in the Dungeon)
    15 | D        | Bought a coiled garnet amulet for 45 gold pieces
    15 | D        | Identified an amulet "Weler" {RegenMP Fragile Will+ Regen+
                  | SInv} (You bought it in a shop in the Dungeon)
    15 | D        | Bought a sparkling tin ring for 45 gold pieces
    15 | D        | Identified the ring "Popom" {Int+6 SInv} (You bought it in
                  | a shop in the Dungeon)
    15 | D        | Noticed a water moccasin
    29 | D        | Killed a water moccasin
    30 | D        | Reached skill level 5 in Axes
    30 | D        | Reached skill level 1 in Dodging
    30 | D        | Reached XP level 2. HP: 5/30 MP: 1/1
    30 | D        | Reached XP level 3. HP: 6/37 MP: 2/2
    30 | D        | Reached XP level 4. HP: 7/44 MP: 3/3
    34 | D        | Found a snail-covered altar of Cheibriados.
    35 | D        | Found a hide-covered altar of Uskayaw.
    36 | D        | Found a glowing silver altar of Zin.
    37 | D        | Found Lixutiem's Premium Goods.
    39 | D        | Found a radiant altar of Vehumet.
    39 | D        | Found Inijog's Weapon Rack.
    39 | D        | Found Iwnarosch's Miscellaneous Merchandise.
    39 | D        | Found Liovatt's Basic Armour.
    43 | D        | Found a shimmering blue altar of Sif Muna.
    45 | D        | Found a bloodstained altar of Trog.
    46 | D        | Found Qafit's Do-It-Yourself Clinic.
    47 | D        | Found Qeck's Bottled Wisdom.
    47 | D        | Found Huefasch's Distillery.
    47 | D        | Found an ancient bone altar of Kikubaaqudgha.
    47 | D        | Found a sacrificial altar of Ru.
    47 | D        | Found a basalt altar of Yredelemnul.
    47 | D        | Found Echaukh's Distillery.
    51 | D        | Found a corrupted altar of Lugonu.
    52 | D        | Found an iron altar of Okawaru.
    53 | D        | Found an opulent altar of Gozag.
    54 | D        | Found a blossoming altar of Fedhas.
    54 | D        | Found Runk's Staff Store.
    54 | D        | Found Nuefren's Magic Scroll Shop.
    55 | D        | Found Xestir Ytiu's Must-Have Magic.
    55 | D        | Found Eniskizu's Magic Scroll Shop.
    82 | D        | Noticed a water moccasin
    97 | D        | Killed a water moccasin
    98 | D        | Reached XP level 5. HP: 52/52 MP: 4/4
   137 | D        | Noticed a water moccasin
   141 | D        | Killed a water moccasin
   141 | D        | Arena points: 12 (+12) [x2]
   142 | D        | Reached XP level 6. HP: 51/62 MP: 5/5
   189 | D        | Round 2.
   308 | D        | Arena points: 48 (+36) [x3]
   383 | D        | Round 3.
   408 | D        | Noticed a troll
   418 | D        | Killed from afar by an orc priest

Illustrated notes

Levels and vault maps discovered:
D:        arena_sprint

Skill      XL: |  1  2  3  4  5  6 |
---------------+-------------------+-----
Fighting       | 6 7 8 |  8.7
Axes           | 5 6 7 |  7.6
Armour         | 7 8 9 |  9.5
Dodging        | 1 2 3 |  3.8
Shields        | 6 8 9 |  9.0

Action                   |  1- 3 |  4- 6 || total
-------------------------+-------+-------++-------
Melee: War axe           |    10 |    35 ||    45
       Headbutt          |     1 |     5 ||     6
  Use: Potion            |       |     1 ||     1
Armor: Scale mail        |     3 |    13 ||    16
Dodge: Dodged            |     5 |    25 ||    30
Block: Buckler           |     4 |    15 ||    19
